 Dungeon Crawl Stone Soup version 0.21-a0-517-gd76cfe0 (webtiles) character file.

835 Firecrotchwizard the Martial Artist (level 7, -3/36 HPs)
             Began as a Vine Stalker Monk on Dec 3, 2017.
             Slain by an ogre
             ... wielding a +0 giant club
              (13 damage)
             ... on level 4 of the Dungeon.
             The game lasted 00:06:42 (2836 turns).

Firecrotchwizard the Martial Artist (VSMo)          Turns: 2836, Time: 00:06:43

Health: -3/36      AC:  8    Str: 14    XL:     7   Next: 98%
Magic:  0/8        EV: 11    Int: 10    God:
Gold:   121        SH:  0    Dex: 18    Spells: 6/6 levels left

rFire    . . .     SeeInvis .     - Unarmed
rCold    . . .     Gourm    .   (no shield)
rNeg     . . .     Faith    .   j - +0 scale mail
rPois    .         Spirit   +   q - +0 helmet
rElec    .         Reflect  .   l - +0 cloak
rCorr    .         Harm     .   (no gloves)
MR       .....                  (no boots)
Stlth    +.........             (no amulet)
HPRegen  0.52/turn              (no ring)
MPRegen  0.11/turn              (no ring)

@: no status effects
A: fangs 2, regeneration 1, magic shield, antimagic bite, no potion heal 3, rot
immunity
a: no special abilities


You were on level 4 of the Dungeon.
You were not hungry.

You visited 1 branch of the dungeon, and saw 6 of its levels.

You collected 121 gold pieces.

Inventory:

Armour
 a - a +0 robe
 j - a +0 scale mail (worn)
   (You found it on level 2 of the Dungeon)
 l - a +0 cloak (worn)
   (You found it on level 2 of the Dungeon)
 q - a +0 helmet (worn)
   (You took it off Robin on level 2 of the Dungeon)
 v - a +3 leather armour
   (You found it on level 3 of the Dungeon)
Jewellery
 u - an uncursed amulet of harm {unknown}
   (You took it off an orc wizard on level 3 of the Dungeon)
Wands
 k - a wand of iceblast (3)
   (You found it on level 2 of the Dungeon)
Scrolls
 d - a scroll of enchant weapon {unknown}
 e - 2 scrolls of blinking {unknown}
 f - a scroll of remove curse {unknown}
 g - a scroll of random uselessness {unknown}
 h - a scroll of noise {unknown}
 i - 5 scrolls of identify {unknown}
 r - a scroll of teleportation {unknown}
Potions
 c - 2 potions of brilliance {unknown}
 m - 2 potions of flight {unknown}
 o - a potion of resistance {unknown}
 s - 2 potions of curing {unknown}
 t - 2 potions of degeneration {unknown}
Comestibles
 b - 2 bread rations {@e1}
 n - 3 fruits
 p - 11 chunks of flesh {@w0}


   Skills:
 + Level 3.5 Fighting
 + Level 1.8 Armour
 + Level 3.2 Dodging
 - Level 2.4 Stealth
 - Level 8.0 Unarmed Combat


You had 6 spell levels left.
You didn't know any spells.

Dungeon Overview and Level Annotations

Branches:
Dungeon (6/15)
 Temple: D:4-7

Altars:
Xom

Shops:
D:6 =

Annotations:
D:5 Halberto's ghost, novice MiBe


Innate Abilities, Weirdness & Mutations

You have extremely sharp teeth.
Your natural rate of healing is unusually fast.
When hurt, damage is shared between your health and your magic reserves.
Your bite disrupts and absorbs the magic of your enemies.
Potions cannot restore your health.
You are immune to rotting.


Message History

The crimson imp closely misses you.
You barely miss the crimson imp.
The crimson imp hits you but does no damage.
You miss the crimson imp. The crimson imp puffs mist at you.
The crimson imp barely misses you.
You closely miss the crimson imp.
You bite the crimson imp, but do no damage.
The crimson imp hits you but does no damage.
You hit the crimson imp but do no damage.
You bite the crimson imp.
The crimson imp's magic leaks into the air.
You drain its magic.
You feel invigorated. The crimson imp barely misses you.
MP restored: 8 You closely miss the crimson imp.
You bite the crimson imp.
The crimson imp's magic leaks into the air.
You drain its magic.
The crimson imp falters for a moment.
Health restored: 36 You punch the crimson imp!
You kill the crimson imp!
No target in view!
You butcher the bullfrog corpse.
p - 9 chunks of flesh {@w0} (gained 3)
You butcher the bullfrog corpse.
p - 13 chunks of flesh {@w0} (gained 4)
You butcher the orc corpse.
p - 16 chunks of flesh {@w0} (gained 3)
Things that are here:
a falchion; a bullfrog skeleton
Things that are here:
a falchion; a bullfrog skeleton
Found a stone staircase leading up.
(D) Dungeon
Where to? (Enter - D:3, ? - help)
There is a stone staircase leading up here.
You climb upwards.
A player ghost and a howler monkey come into view.
Found a bread ration.
Found a stone staircase leading up and a stone staircase leading down.
There is a stone staircase leading down here.
Here: Halberto's ghost The floor.
You closely miss the howler monkey. You bite the howler monkey.
You drain its power.
The howler monkey hits you but does no damage.
Your scale mail prevents you from hitting the howler monkey.
Your punch misses the howler monkey. Halberto's ghost hits you!
The howler monkey hits you.
You take 11 damage, and have 25/36 hp.
MASSIVE DAMAGE!!
You now have 6/8 mp.
You hit the howler monkey. Your bite misses the howler monkey.
Halberto's ghost hits you but does no damage.
The howler monkey hits you.
You take 2 damage, and have 23/36 hp.
You now have 5/8 mp.
You punch the howler monkey!
You kill the howler monkey!
Halberto's ghost barely misses you.
You punch Halberto's ghost!
You bite Halberto's ghost, but do no damage.
Halberto's ghost hits you!
You take 7 damage, and have 16/36 hp.
You now have 3/8 mp.
You miss Halberto's ghost. You barely miss Halberto's ghost.
Halberto's ghost hits you!
* * * LOW HITPOINT WARNING * * *
You take 6 damage, and have 10/36 hp.
You now have 3/8 mp.
Some of the chunks of flesh in your inventory have rotted away.
There is a stone staircase leading up here.
Halberto's ghost hits you but does no damage.
You climb upwards.
There is a stone staircase leading down here.
You start resting.
Health restored: 36; MP restored: 8 You see here a helmet.
Eating one of 12 chunks of flesh {@w0}.
You eat one of the 12 chunks of flesh {@w0}.
Found a stone staircase leading down.
Found a stone staircase leading up.
An ogre comes into view. It is wielding a giant club.
The ogre shouts!
The ogre hits you with a giant club!
You take 10 damage, and have 26/36 hp.
MASSIVE DAMAGE!!
You now have 6/8 mp.
You barely miss the ogre. You bite the ogre. You drain its power.
You feel invigorated.
MP restored: 8 You barely miss the ogre.
The ogre hits you with a giant club!
You take 11 damage, and have 15/36 hp.
MASSIVE DAMAGE!!
You now have 4/8 mp.
You closely miss the ogre. You bite the ogre. You drain its power.
You feel invigorated. The ogre hits you with a giant club!
* * * LOW HITPOINT WARNING * * *
You take 6 damage, and have 9/36 hp.
You regained 2 mp, and now have 6/8 mp.
You hit the ogre. You bite the ogre. You drain its power.
You feel invigorated.
MP restored: 8 You hit the ogre but do no damage.
You bite the ogre. You drain its power. The ogre hits you with a giant club!!
You die...

#..#.#.###.# #.##.#
#..#[#.....# ##..#.#
###..#.####### ###......
....#.#
.....#.####...#.#
#........#...#.#####
#......#.#...#.....#
#..<...#.#.^.#####.#
#...O@.#.#.......#.###
........................
..#.#..>.#.#.#.#####.###
# #.#.##.#.#.......#
.....#..#.#########
###.####.#.# #. #.#.# #
#.#.. #.#..


You could see an ogre.

Vanquished Creatures
  Sigmund (D:3)
  A necrophage (D:6)
  An ogre (D:6)
  2 bullfrogs (D:6)
  A howler monkey (D:5)
  A crimson imp (D:6)
  2 hounds (D:6)
  An orc wizard (D:3)
  2 iguanas (D:6)
  2 worker ants (D:6)
  Robin (D:2)
  A howler monkey skeleton (D:6)
  3 adders
  A worm (D:3)
  A dart slug (D:3)
  3 leopard geckos
  6 orcs
  2 ball pythons
  A giant cockroach (D:2)
  14 goblins
  11 hobgoblins
  5 jackals
  A quokka (D:2)
  14 bats
  3 frilled lizards
  4 kobolds
  8 rats
93 creatures vanquished.

Notes
Turn   | Place    | Note
-------+----------+-------------------------------------------
     0 | D:1      | Firecrotchwizard the Vine Stalker Monk began the quest for the Orb.
     0 | D:1      | Reached XP level 1. HP: 11/11 MP: 2/2
    58 | D:1      | Reached XP level 2. HP: 14/16 MP: 1/3
   657 | D:1      | You fall through a shaft!
   693 | D:2      | HP: 3/16 [leopard gecko (2)]
   695 | D:2      | Reached skill level 4 in Unarmed Combat
   999 | D:2      | Reached XP level 3. HP: 17/19 MP: 4/4
  1402 | D:2      | Noticed Robin
  1411 | D:2      | Killed Robin
  1411 | D:2      | Gained mutation: Your natural rate of healing is unusually fast. [Vine Stalker growth]
  1411 | D:2      | Reached XP level 4. HP: 23/23 MP: 5/5
  1476 | D:2      | Reached skill level 5 in Unarmed Combat
  2154 | D:3      | Reached XP level 5. HP: 26/27 MP: 6/6
  2282 | D:3      | Found a shimmering altar of Xom.
  2287 | D:3      | Noticed Sigmund
  2302 | D:3      | Killed Sigmund
  2302 | D:3      | Reached skill level 6 in Unarmed Combat
  2302 | D:3      | Reached XP level 6. HP: 28/32 MP: 7/7
  2330 | D:3      | You fall through a shaft for 3 floors!
  2354 | D:6      | Reached skill level 7 in Unarmed Combat
  2491 | D:6      | Reached skill level 8 in Unarmed Combat
  2491 | D:6      | Reached XP level 7. HP: 34/35 MP: 8/8
  2579 | D:6      | Found Kinlusot's Jewellery Shoppe.
  2587 | D:6      | Reached skill level 3 in Fighting
  2621 | D:6      | Reached skill level 1 in Armour
  2667 | D:6      | Reached skill level 3 in Dodging
  2713 | D:5      | Entered Level 5 of the Dungeon
  2713 | D:5      | Noticed Halberto's ghost (novice MiBe)
  2834 | D:4      | HP: 9/36 [ogre/giant club (6)]
  2836 | D:4      | Slain by an ogre

Vault maps used:
D:1:      evilmike_arrival_fibonacci_small
D:2:      uniq_robin
D:3:      grunt_dithmenos_smoke, nicolae_overflow_hidden_temple,
          grunt_temple_overflow_cloverleaf, uniq_sigmund, uniq_grinder
D:4:      nicolae_overflow_crystal_walls, corexii_leaking_fountain, uniq_duvessa
D:5:      minmay_temple_entry_from_below_a, first_bread
D:6:      lemuel_doored_altar, serial_shops, shop

Skill      XL: |  1  2  3  4  5  6  7 |
---------------+----------------------+-----
Unarmed Combat | 4 5 6 8 |  8.0
Fighting       | 3 |  3.5
Armour         | 1 |  1.8
Dodging        | 3 |  3.2
Stealth        | |  2.4

Action                   |  1- 3 |  4- 6 |  7- 9 || total
-------------------------+-------+-------+-------++-------
Melee: Unarmed           |   153 |   141 |    58 ||   352
       Bite              |    31 |    40 |    19 ||    90
       Punch             |     4 |     1 |     1 ||     6
 Stab: Distracted        |     1 |       |       ||     1
       Sleeping          |     1 |       |       ||     1
  Eat: Chunk             |     2 |     3 |     2 ||     7
Armor: Robe              |    31 |       |       ||    31
       Scale mail        |     3 |    52 |    16 ||    71
Dodge: Dodged            |   133 |    75 |    21 ||   229

Table legend:
 A = Spawn XP
 B = Non-spawn XP
 C = Spawn XP percentage of total XP
 D = Spawn monster count
 E = Non-spawn monster count
 F = Spawn count percentage of total count
 G = Total turns spent on level
                    A         B        C        D         E        F      G
               +---------+---------+-------+---------+---------+-------+---------
         Total |       0 |    1193 |   0.0 |       0 |      93 |   0.0 |  2836
               +---------+---------+-------+---------+---------+-------+---------
           D:1 |       0 |      30 |   0.0 |       0 |      19 |   0.0 |   852
           D:2 |       0 |     105 |   0.0 |       0 |      44 |   0.0 |  1210
           D:3 |       0 |     279 |   0.0 |       0 |      14 |   0.0 |   268
           D:5 |       0 |      51 |   0.0 |       0 |       1 |   0.0 |    13
           D:6 |       0 |     728 |   0.0 |       0 |      15 |   0.0 |   383
               +---------+---------+-------+---------+---------+-------+---------

Vault maps used:
D:1:      evilmike_arrival_fibonacci_small
D:2:      uniq_robin
D:3:      grunt_dithmenos_smoke, nicolae_overflow_hidden_temple,
          grunt_temple_overflow_cloverleaf, uniq_sigmund, uniq_grinder
D:4:      nicolae_overflow_crystal_walls, corexii_leaking_fountain, uniq_duvessa
D:5:      minmay_temple_entry_from_below_a, first_bread
D:6:      lemuel_doored_altar, serial_shops, shop

Table legend:
 A = Turns spent in this place as a percentage of turns spent in the entire game.
 B = Non-inter-level travel turns spent in this place as a percentage of non-inter-level travel turns spent in the entire game.
 C = Inter-level travel turns spent in this place as a percentage of turns spent in this place.
 D = Turns resting spent in this place as a percentage of non-inter-level travel turns spent in this place.
 E = Turns spent auto-exploring this place as a percentage of non-inter-level travel turns spent in this place.
 F = Non-inter-level travel turns spent in this place divided by the number of levels of this place that you've seen.
                   A       B       C       D       E      F
               +-------+-------+-------+-------+-------+----------------------
         Total | 100.0 | 100.0 |   3.9 |  25.7 |  49.8 | 454.0
       Dungeon | 100.0 | 100.0 |   3.9 |  25.7 |  49.8 | 454.0
               +-------+-------+-------+-------+-------+----------------------

Table legend:
 A = Kills in this place as a percentage of kills in entire the game.
 B = Kills by you in this place as a percentage of kills by you in the entire game.
 C = Kills by friends in this place as a percentage of kills by friends in the entire game.
 D = Other kills in this place as a percentage of other kills in the entire game.
 E = Experience gained in this place as a percentage of experience gained in the entire game.
 F = Experience gained in this place divided by the number of levels of this place that you have seen.
                   A       B       C       D       E      F
               +-------+-------+-------+-------+-------+----------------------
         Total | 100.0 | 100.0 |   N/A |   N/A | 100.0 | 198.8
       Dungeon | 100.0 | 100.0 |   N/A |   N/A | 100.0 | 198.8
               +-------+-------+-------+-------+-------+----------------------
